 Dungeon Crawl Stone Soup version 0.29.0-5-ge4962eb29e (webtiles) character file.

Game seed: 8884370948481424815

539 ProzacElf the Cudgeller (level 7, -20/52 HPs)
             Began as a Formicid Fighter on Aug 29, 2022.
             Demolished by an ogre
             ... wielding a +0 giant spiked club
              (27 damage)
             ... on level 4 of the Dungeon.
             The game lasted 00:06:57 (3344 turns).

ProzacElf the Cudgeller (Formicid Fighter)          Turns: 3344, Time: 00:06:58

Health: -20/52     AC: 13    Str: 22    XL:     7   Next: 51%
Magic:  7/7        EV:  6    Int:  8    God:
Gold:   153        SH:  0    Dex: 13    Spells: 6/6 levels left

rFire   . . .      SeeInvis +   D - +0 giant club
rCold   . . .      Faith    .   (shield currently unavailable)
rNeg    . . .      Spirit   .   f - +0 plate armour
rPois   .          Reflect  .   (helmet unavailable)
rElec   .          Harm     .   (no cloak)
rCorr   .          Rampage  .   m - +0 pair of gloves
Will    .....                   (no boots)
Stlth   ..........              (no amulet)
HPRegen 0.17/turn               (no ring)
MPRegen 0.10/turn               (no ring)

@: no status effects
A: permanent stasis, dig shafts and tunnels, antennae 3, four strong arms
a: Dig, Shaft Self


You were on level 4 of the Dungeon.
You visited 1 branch of the dungeon, and saw 4 of its levels.

You collected 153 gold pieces.

Inventory:

Hand Weapons
 a - a +0 flail
 p - a +0 vorpal hand axe
 D - a +0 giant club (weapon)
Missiles
 w - 6 atropa-tipped darts
Armour
 b - a +0 scale mail
 c - a +0 buckler
 f - a +0 plate armour (worn)
 m - a +0 pair of gloves (worn)
Jewellery
 r - the ring of Bockao {Ice Drain Fly rCorr Dex+6}
   (You found it on level 3 of the Dungeon)

   [ring of ice]

   It enhances your ice magic.
   Dex:       It affects your dexterity (+6).
   rF:        It makes you vulnerable to fire.
   rC:        It protects you from cold.
   Fly:       It grants you flight.
   rCorr:     It protects you from acid and corrosion.
   Drain:     It drains your maximum health when unequipped.
 s - the ring "Meottoh" {Ice rElec rN+}
   (You found it on level 3 of the Dungeon)

   [ring of ice]

   It enhances your ice magic.
   rF:        It makes you vulnerable to fire.
   rC:        It protects you from cold.
   rElec:     It insulates you from electricity.
   rN:        It protects you from negative energy.
Wands
 y - a wand of iceblast (7)
Scrolls
 e - a scroll of amnesia {unknown}
 g - 2 scrolls of identify {unknown}
 h - 2 scrolls of teleportation {unknown}
 i - a scroll of poison {unknown}
 k - a scroll of torment {unknown}
 q - a scroll of fear {unknown}
 t - a scroll of vulnerability {unknown}
 v - a scroll of enchant weapon {unknown}
 x - a scroll of enchant armour {unknown}
 C - a scroll of summoning {unknown}
Potions
 d - a potion of invisibility {unknown}
 j - 3 potions of heal wounds
 l - a potion of cancellation {unknown}
 n - a potion of ambrosia {unknown}
 o - 2 potions of mutation {unknown}
 u - 2 potions of curing {unknown}
 z - a potion of attraction
 A - a potion of brilliance {unknown}
 B - a potion of degeneration {unknown}


   Skills:
 - Level 3.2 Fighting
 + Level 6.5 Maces & Flails
 - Level 5.0 Armour
 - Level 4.0 Shields
 + Level 2.1 Evocations


You had 6 spell levels left.
You didn't know any spells.
Your spell library was empty.

Dungeon Overview and Level Annotations

Branches:
Dungeon (4/15)
 Temple: D:4-7

Altars:


Innate Abilities, Weirdness & Mutations

You cannot be hasted, slowed, berserked, paralysed or teleported.
You can dig through walls and to a lower floor.
You have a pair of large antennae on your head. (SInv)
Your four strong arms can wield two-handed weapons with a shield.


Message History

Ye swin' at nuthin'.
Ye cannae wield tha wit' only 'un hand-pair.
Ye swin' at nuthin'.
Ye start removin' yer armour.
Ye continue takin' off yer +0 buckler. x4
Ye finish takin' off yer +0 buckler.
D - a +0 giant club (weapon)
Ye swin' at nuthin'.
Found a stone staircase leadin' down.
An ogre comes inta view.
It be wieldin' a +0 giant spiked club.
Tha ogre shouts!
Ye thump tha ogre!
Tha ogre be heavily wounded.
Tha ogre hits ye wit' a +0 giant spiked club!
Ye take 11 damage, an' haf 41/52 hp.
MASSIVE DAMAGE!!
Ye hit tha ogre but do nay damage.
Tha ogre be heavily wounded.
Tha ogre hits ye wit' a +0 giant spiked club.
Ye take 1 damage, an' haf 40/52 hp.
Ye barely miss tha ogre.
Tha ogre be heavily wounded.
Tha ogre hits ye wit' a +0 giant spiked club!!
Ye take 18 damage, an' haf 22/52 hp.
MASSIVE DAMAGE!!
Ye be too injured ta fight recklessly!
Hit: D) +0 giant club
Press: ? - help, Dir - move target, f - ogre
Aim: an ogre, wieldin' a +0 giant spiked club (heavily wounded, aboot 33% ta evade yer +0 giant club) Okay, than.
Non-targeted abil: Dig
Press: ? - help, Q - select action, (/) - cycle Dir - look around, f - activate Okay, than.
Ye sock tha ogre!
Tha ogre be severely wounded.
Tha ogre hits ye wit' a +0 giant spiked club!
* * * LOW HITPOINT WARNIN'
* * * Ye take 15 damage, an' haf 7/52 hp.
MASSIVE DAMAGE!!
Ye barely miss tha ogre.
Tha ogre be severely wounded.
Tha ogre hits ye wit' a +0 giant spiked club!!
Ouch! Tha re'lly hurt!
Ye die...

#.#####.# #.# #.#
#.#####.#
#######.....#.### #
#.........#.#.... #.
#.#######.#.#....
#>.###.#.##.##...#...(
#....#.....#†..#(#....
#....@...#.#.###.#.###
#.#.O###.#.......#.#
#.. #........##.# #..
#........##.# ...
#........##.# ###.
####.....##.# #.
########.# #. #.# #.#


You could see an ogre.

Vanquished Creatures
  Sigmund (D:1)
  A black bear (D:3)
  An ogre (D:4)
  A hound (D:4)
  An iguana (D:4)
  6 adders
  3 gnolls
  A worm (D:2)
  6 dart slugs
  3 ball pythons
  10 bats
  7 endoplasms
  2 giant cockroaches
  5 hobgoblins
  3 quokkas
  4 frilled lizards
  3 goblins
  4 kobolds
  7 rats
69 creatures vanquished.

Notes
Turn   | Place    | Note
-------+----------+-------------------------------------------
     0 | D:1      | ProzacElf the Formicid Fighter began the quest for the Orb.
     0 | D:1      | Reached XP level 1. HP: 18/18 MP: 1/1
   179 | D:1      | Reached XP level 2. HP: 22/24 MP: 2/2
   430 | D:1      | Reached XP level 3. HP: 28/29 MP: 3/3
   858 | D:2      | Noticed Sigmund
   867 | D:1      | HP: 1/29 [Sigmund/+0 scythe (6)]
   871 | D:1      | Killed Sigmund
   872 | D:1      | Reached skill level 4 in Maces & Flails
   872 | D:1      | Reached skill level 5 in Armour
   872 | D:1      | Reached XP level 4. HP: 18/35 MP: 4/4
   872 | D:1      | Reached XP level 5. HP: 22/41 MP: 5/5
  1033 | D:1      | Reached XP level 6. HP: 27/47 MP: 6/6
  1404 | D:2      | Reached skill level 5 in Maces & Flails
  2430 | D:3      | Noticed a black bear
  2441 | D:3      | Killed a black bear
  2442 | D:3      | Reached skill level 6 in Maces & Flails
  2442 | D:3      | Reached XP level 7. HP: 47/52 MP: 7/7
  2472 | D:3      | Identified the ring of Bockao {Ice Drain Fly rCorr Dex+6}
  2559 | D:3      | Identified the ring "Meottoh" {Ice rElec rN+}
  3219 | D:4      | Reached skill level 1 in Evocations
  3344 | D:4      | Demolished by an ogre

Illustrated notes

Levels and vault maps discovered:
D:1:      elethiomel_arrival_maze, layout_rooms
D:2:      layout_loops_corners, chequers_serial_rivers_micro_c, minmay_between,
          uniq_sigmund
D:3:      layout_basic, hangedman_decor_slide_cut
D:4:      layout_basic, minmay_temple_entry_statues_fountains,
          kennysheep_generic_room_3

Skill      XL: |  1  2  3  4  5  6  7 |
---------------+----------------------+-----
Armour         | 5 |  5.0
Maces & Flails | 4 6 |  6.5
Evocations     | 2 |  2.1
Fighting       | |  3.2
Shields        | |  4.0

Action                   |  1- 3 |  4- 6 |  7- 9 || total
-------------------------+-------+-------+-------++-------
Melee: Flail             |    57 |   125 |    23 ||   205
       Giant club        |       |       |     5 ||     5
 Abil: Dig               |       |       |     1 ||     1
  Use: Potion            |     4 |       |       ||     4
Armor: Scale mail        |    35 |    16 |       ||    51
       Plate armour      |       |    49 |     9 ||    58
Dodge: Dodged            |    30 |    44 |     7 ||    81
Block: Buckler           |     9 |    41 |     5 ||    55
